 Dungeon Crawl Stone Soup version 0.26.1-11-gd32895ea62 (webtiles) character file.

Game seed: 16299718387929328184

43 Zeld the Insei (level 3, 0/23 HPs)
             Began as an Octopode Transmuter on June 1, 2021.
             Succumbed to a worker ant's poison
             ... on level 4 of the Dungeon.
             The game lasted 00:00:42 (757 turns).

Zeld the Insei (Octopode Transmuter)                 Turns: 757, Time: 00:00:43

Health: 0/23       AC:  1    Str: 10    XL:     3   Next: 58%
Magic:  6/6        EV: 13    Int: 15    God:
Gold:   44         SH:  0    Dex: 12    Spells: 4/7 levels left

rFire    . . .     SeeInvis .     - Unarmed
rCold    . . .     Faith    .   (no shield)
rNeg     . . .     Spirit   .   (helmet restricted)
rPois    .         Reflect  .   (no amulet)
rElec    .         Harm     .   (no ring)
rCorr    .         Rampage  .   (no ring)
Will     .....                  (no ring)
Stlth    ++........             (no ring)
HPRegen  0.07/turn              (no ring)
MPRegen  0.10/turn              (no ring)
                                (no ring)
                                (no ring)

@: lethally poisoned (0 -> -2)
A: almost no armour, stealthy swim, amphibious, 8 rings, constrict 8, camouflage
1, gelatinous body 1
a: no special abilities


You were on level 4 of the Dungeon.
You visited 1 branch of the dungeon, and saw 4 of its levels.

You collected 44 gold pieces.

Inventory:

Jewellery
 b - an uncursed ring of flight {unknown}
Scrolls
 a - a scroll of enchant weapon {unknown}
 e - a scroll of enchant armour {unknown}
Potions
 c - a potion of might {unknown}
 d - a potion of heal wounds {unknown}
 f - a potion of haste {unknown}


   Skills:
 + Level 1.5 Fighting
 + Level 2.3 Dodging
 - Level 3.0 Unarmed Combat
 * Level 2.6 Spellcasting
 * Level 2.7 Transmutations


You had 4 spell levels left.
You knew the following spells:

 Your Spells              Type           Power        Failure   Level
a - Beastly Appendage     Tmut           20%          7%          1
b - Wereblood             Tmut           10%          10%         2

Your spell library contained the following spells:

 Spells                   Type           Power        Failure   Level
 Spider Form              Tmut/Pois      3%           34%         3
 Ice Form                 Ice/Tmut       6%           75%         4
 Blade Hands              Tmut           5%           88%         5


Dungeon Overview and Level Annotations

Branches:
Dungeon (4/15)
 Temple: D:4-7

Altars:


Innate Abilities, Weirdness & Mutations

You cannot wear most types of armour.
You are very stealthy in the water. (Stealth+)
You are amphibious.
You can wear up to eight rings at the same time.
You can use your tentacles to constrict eight enemies at once.
Your skin changes colour to match your surroundings (Stealth+).
Your rubbery body absorbs attacks. (AC +1, EV +1)


Message History

You have reached level 3!
Your experience leads to an increase in your attributes!
Increase (S)trength, (I)ntelligence, or (D)exterity?
You feel stronger.
There is a lethal amount of poison in your body!
There is a lethal amount of poison in your body!
* * * LOW HITPOINT WARNING * * *
You feel sick.
There is a stone staircase leading up here.
* * * LOW HITPOINT WARNING * * *
You feel sick.
There is a stone staircase leading up here.
Your tentacle spike disappears.
* * * LOW HITPOINT WARNING * * *
You feel sick.
There is a stone staircase leading up here.
* * * LOW HITPOINT WARNING * * *
You feel sick.
There is a stone staircase leading up here.
You die...

#..# ## ..
#..#.. ...
#..#. ##..
....
....###..#
.........#
.........#
#######...#
#.......@.#
......#.#<#
#.###.....#
#.....#
#.###...
... #.###
#### #.#
..# ###


There were no monsters in sight!

Vanquished Creatures
  A worker ant (D:4)
  An adder (D:3)
  2 dart slugs
  A bat (D:3)
  3 kobolds (D:1)
  2 rats
10 creatures vanquished.

Notes
Turn   | Place    | Note
-------+----------+-------------------------------------------
     0 | D:1      | Zeld the Octopode Transmuter began the quest for the Orb.
     0 | D:1      | Reached XP level 1. HP: 13/13 MP: 3/3
   457 | D:3      | Reached XP level 2. HP: 18/18 MP: 3/5
   463 | D:3      | Learned a level 2 spell: Wereblood
   742 | D:4      | Reached XP level 3. HP: 4/23 MP: 6/6
   749 | D:4      | HP: 1/23 [poisoned by a worker ant]
   757 | D:4      | Succumbed to a worker ant's poison

Illustrated notes

Levels and vault maps discovered:
D:1:      lightli_iron_boxes, layout_basic, serial_forest,
          infiniplex_forest_end_2, infiniplex_forest_clump_long,
          infiniplex_forest_end_2, infiniplex_forest_join,
          infiniplex_forest_corner_1, minmay_fountain_box,
          hangedman_decor_points
D:2:      layout_basic, fedhas_ov_isle_minmay, uniq_natasha
D:3:      layout_loops_ring, nicolae_overflow_hidden_temple,
          lemuel_doored_altar, st_stairs_12
D:4:      layout_basic, kennysheep_small_spiral, ldierk_geyser,
          chequers_serial_rivers_micro_b, uniq_sigmund

Action                   || total
-------------------------++-------
Melee: Unarmed           ||    26
       Constrict         ||     6
       Kick              ||     5
       Tentacles         ||     5
       Punch             ||     1
 Cast: Beastly Appendage ||     9
 Stab: Sleeping          ||     2
Armor: Skin              ||     3
Dodge: Dodged            ||    20
